Cogmind - Beta 14 @@@ ROGUE MODE // 2024.08.14 @ 18:18:58 Player: Spoodle Result: Destroyed by as-14442 with Assembled Rifle Performance ------------- Evolutions (0) 0 Regions Visited (2) 400 Robots Destroyed (38) 190 Value Destroyed (587) 587 Prototype IDs (2) 40 Alien Tech Used (0) 0 Bonus (0) 0 TOTAL SCORE: 1217 Bonus ------- None Cogmind --------- Core Integrity 0/250 Matter 300/300 Energy 99/100 System Corruption 2% Temperature Cool (0) Movement Core (50) Location -10/Mines Parts ------- > --- POWER (1) -------- (None) > --- PROPULSION (2) --- (None) > --- UTILITY (2) ------ (None) > --- WEAPON (2) ------- (None) > --- INVENTORY (5) ---- Light Treads Armored Treads Improved Heat Sink Hardened Light Armor Plating Beam Cannon Peak State ------------ > --- POWER ------------ Improved Ion Engine > --- PROPULSION ------- Light Treads Light Treads > --- UTILITY ---------- Large Storage Unit Hardened Light Armor Plating > --- WEAPON ----------- Autogun Heavy Battle Rifle > --- INVENTORY -------- Light Treads Light Treads Armored Treads Improved Heat Sink Improved Heat Sink Hardened Light Armor Plating Hardened Light Armor Plating Hacking Suite Beam Cannon Beam Cannon Light Cannon Scythe [Rating: 15] Favorites ----------- Power Improved Ion Engine Engine Improved Ion Engine Propulsion Light Treads Treads Light Treads Leg Aluminum Leg Wheel Wheel Utility Large Storage Unit Device Seismic Detector Storage Large Storage Unit Protection Hardened Light Armor Plating Weapon Autogun Energy Gun Medium Laser Energy Cannon Beam Cannon Ballistic Gun Autogun Ballistic Cannon Light Cannon Launcher Grenade Launcher Build | -11 -10 -10 ------- Run | Yrd Mat Min Slots Evolved . | . . . Power . | . . . Propulsion . | . . . Utility . | . . . Weapon . | . . . Parts Attached 40 | 8 22 10 Power 3 | 1 2 . Engine 3 | 1 2 . Core . | . . . Reactor . | . . . Propulsion 6 | 2 3 1 Treads 3 | . 2 1 Leg 2 | 2 . . Wheel 1 | . 1 . Hover . | . . . Flight . | . . . Utility 11 | 2 5 4 Device 4 | 1 1 2 Storage 4 | 1 3 . Processor . | . . . Hackware . | . . . Protection 3 | . 1 2 Artifact . | . . . Weapon 20 | 3 12 5 Energy Gun 1 | . 1 . Energy Cannon 1 | . 1 . Ballistic Gun 13 | 3 5 5 Ballistic Cannon 2 | . 2 . Launcher 3 | . 3 . Special Weapon . | . . . Impact Weapon . | . . . Slashing Weapon . | . . . Piercing Weapon . | . . . Special Melee Weapon . | . . . Unidentified Prototypes . | . . . Parts Lost 7 | . . 7 Power 1 | . . 1 Propulsion 2 | . . 2 Utility 2 | . . 2 Weapon 2 | . . 2 Highest Loss Streak 6 | . . 6 To Critical Strikes . | . . . Average Slot Usage (%) 94 | . 99 83 Engine 13 | . 14 11 Treads 19 | . 22 11 Leg 3 | . 5 . Wheel 3 | . . 11 Device 9 | . 9 8 Storage 13 | . 14 11 Protection 3 | . 4 2 Energy Gun 1 | . 2 . Ballistic Gun 16 | . 18 11 Ballistic Cannon 5 | . 4 9 Launcher 1 | . 1 2 Peak Build Rating 15 | 7 13 15 Average Rating 9 | 5 10 10 On Entrance 6 | . 7 11 Naked Turns 80 | . . 80 Heaviest Build 38 | 14 38 38 Greatest Support 40 | 20 40 40 Greatest Overweight (x) 3 | . 3 3 Average Overweight (x) . | . . 1 Largest Inventory Capacity 15 | 8 15 15 Average Capacity 12 | 7 13 13 Most Carried 15 | 6 15 15 Average Carried 12 | 5 13 13 Final Capacity 15 | 8 15 5 Final Carried 15 | 6 15 5 Class Distribution -------------------- 93% | Mutant 6% | Scavenger-Mutant Dominant Class ---------------- Mutant | -10/Materials Mutant | -10/Mines Resources | -11 -10 -10 ----------- Run | Yrd Mat Min Matter Collected 1150 | 396 541 213 Remotely . | . . . Salvage Created 1033 | 268 628 137 Parts 62 | 16 36 10 Haulers Intercepted 2 | . 2 . Recyclers Shooed . | . . . Parts Field Recycled . | . . . Retrieved Matter . | . . . Parts Self-Destructed . | . . . Prevented . | . . . Kills | -11 -10 -10 ------- Run | Yrd Mat Min Combat Hostiles Destroyed 21 | . 16 5 Guns 5 | . 2 3 Cannons 6 | . 4 2 AOE 10 | . 10 . Classes Destroyed 8 | 3 5 . Worker 3 | 1 2 . Tunneler 6 | 6 . . Hauler 2 | . 2 . Recycler 3 | 1 2 . Operator 1 | . 1 . Watcher 2 | . 2 . Swarmer 12 | . 9 3 Grunt 9 | . 7 2 Best Kill Streak 4 | 4 4 3 Combat Bots Only 3 | . 3 3 Max Kills in Single Turn 3 | 1 3 1 Gunslinging . | . . . Exploded 3 | . 3 . Melee . | . . . Uniques/NPCs Destroyed . | . . . Combat | -11 -10 -10 -------- Run | Yrd Mat Min Hostile Shots Fired 121 | . 54 67 Missed 34 | . 12 22 Damage Taken 1400 | . 539 861 Core 257 | . 104 153 Absorbed by Shields . | . . . Core Remaining (%) 100 | 100 . . Volleys Fired 86 | 29 49 8 Largest 2 | 2 2 2 Hottest 95 | 40 95 58 Shots Fired 167 | 58 91 18 Gun 122 | 58 52 12 Cannon 36 | . 31 5 Launcher 9 | . 8 1 Special . | . . . Kinetic 150 | 58 75 17 Thermal 8 | . 8 . Explosive 9 | . 8 1 Electromagnetic . | . . . Robot Hit Streak 10 | 10 9 8 Robot Miss Streak 6 | 2 6 1 Penetration Max . | . . . Secondary Targets 1 | . . 1 Max Gunslinging Chain 1 | . . 1 Shots Hit Robots 104 | 41 52 11 Core Hits 52 | 17 29 6 Critical Kills 1 | . 1 . Critical Parts Destroyed 1 | . 1 . Critical Strikes 3 | . 3 . Destroy 2 | . 2 . Blast 1 | . 1 . Melee Attacks . | . . . Impact . | . . . Slashing . | . . . Piercing . | . . . Sneak Attacks . | . . . Combat Hostiles . | . . . Follow-up Attacks . | . . . Damage Inflicted 1924 | 398 1338 188 Guns 1007 | 398 485 124 Cannons 320 | . 256 64 Explosions 570 | . 570 . Melee . | . . . Ramming 27 | . 27 . Kinetic 1314 | 398 728 188 Thermal 13 | . 13 . Explosive 570 | . 570 . Electromagnetic . | . . . Impact . | . . . Slashing . | . . . Piercing . | . . . Highest Corruption 2 | . 2 2 Average Corruption 2 | . 2 2 Corruption Purged . | . . . Corruption Blocked . | . . . Effects 10 | . 6 4 Message Errors 2 | . 2 . Matter Fused 1 | . 1 . Energy Discharges 2 | . 1 1 Data Loss (minor) 1 | . 1 . Data Loss (major) 2 | . 1 1 Misfires 2 | . . 2 Overload Shots . | . . . Overflow Damage 67 | . 52 15 Projectiles . | . . . Explosions 67 | . 52 15 Melee . | . . . Knockbacks 2 | . 2 . Impact . | . . . Kinetic 2 | . 2 . Secondary . | . . . Self-Inflicted Damage 108 | . 73 35 Shots 4 | . 3 1 Rammed 3 | . 3 . Targets Rammed 4 | . 4 . Kicked 1 | . 1 . Crushed . | . . . Highest Temperature 263 | . 263 16 Average Temperature 86 | . 94 6 Received Heat Transfer 201 | . 201 . Effects 2 | . 2 . Interference 2 | . 2 . Siege Activations . | . . . Robots Corrupted . | . . . Combat Hostiles . | . . . Parts Fried . | . . . Impact Corruptions . | . . . Robots Melted . | . . . Combat Hostiles . | . . . Parts Melted . | . . . Heat Transferred 37 | . 37 . Parts Sabotaged . | . . . Parts Stolen . | . . . Parts Stripped . | . . . Power Chain Reactions . | . . . Alert | -11 -10 -10 ------- Run | Yrd Mat Min Peak Influence 360 | 40 360 260 Initial 140 | . 26 140 Average 139 | 17 158 157 Maximum Alert Level 1 | . 1 1 Low Security (%) 73 | 100 64 83 Level 1 26 | . 35 16 Level 2 . | . . . Level 3 . | . . . Level 4 . | . . . Level 5 . | . . . High Security . | . . . Max Security . | . . . Squads Dispatched 5 | . 4 1 Investigation 4 | . 3 1 Extermination . | . . . Reinforcement 1 | . 1 . Assault . | . . . Garrison . | . . . Intercept . | . . . Searches Triggered . | . . . Construction Impeded . | . . . Haulers Reinforced . | . . . Active Scanning Responses . | . . . Cargo Convoy Interrupts . | . . . Stealth | -11 -10 -10 --------- Run | Yrd Mat Min Distress Signals . | . . . Communications Jammed . | . . . Distress Signals . | . . . Times Spotted 41 | . 21 20 Peak Tracking Total 12 | . 4 12 Tactical Retreats 2 | . . 2 Traps | -11 -10 -10 ------- Run | Yrd Mat Min Traps Triggered 2 | . 2 . Indirectly . | . . . Trap Hack Attempts . | . . . Triggered . | . . . Disarmed . | . . . Reprogrammed . | . . . Reused . | . . . Traps Extracted . | . . . Installed . | . . . Triggered . | . . . Machines | -11 -10 -10 ---------- Run | Yrd Mat Min Machines Disabled 2 | . 2 . Max in Single Turn 1 | . 1 . Machines Repaired . | . . . Machines Dismantled . | . . . Machines Sabotaged . | . . . Overloaded Fab Kills . | . . . Hacking | -11 -10 -10 --------- Run | Yrd Mat Min Machines Accessed 9 | . 8 1 Terminals 7 | . 7 . Fabricators . | . . . Repair Stations . | . . . Recycling Units 1 | . 1 . Scanalyzers . | . . . Garrison Access . | . . . Total Hacks 25 | . 24 1 Successful 12 | . 11 1 Failed 13 | . 13 . Catastrophic . | . . . Database Lockouts . | . . . Manual 18 | . 18 . Terminals 23 | . 23 . Fabricators . | . . . Repair Stations . | . . . Recycling Units 1 | . 1 . Scanalyzers . | . . . Garrison Access . | . . . Terminal Hacks 4 | . 3 1 Prototype ID Bank 1 | . 1 . Open Door 1 | . . 1 Alert Level 1 | . 1 . Locate Traps 1 | . 1 . Fabricator Hacks . | . . . Repair Station Hacks . | . . . Recycling Unit Hacks . | . . . Scanalyzer . | . . . Garrison Access Hacks . | . . . Unauthorized Hacks 8 | . 8 . Terminals 7 | . 7 . Track 1 | . 1 . Botnet 1 | . 1 . Skim 5 | . 5 . Fabricators . | . . . Repair Stations . | . . . Recycling Units 1 | . 1 . Tunnel 1 | . 1 . Scanalyzers . | . . . Garrison Access . | . . . Data Cores Recovered . | . . . Used . | . . . Hacking Detections 7 | . 7 . Full Trace Events 1 | . 1 . Feedback Events . | . . . Feedback Blocked . | . . . Robot Schematics Acquired . | . . . Robots Built . | . . . Authchips . | . . . Time . | . . . Total Robot Build Rating . | . . . Part Schematics Acquired . | . . . Parts Built . | . . . Authchips . | . . . Time . | . . . Total Part Build Rating . | . . . Parts Repaired . | . . . Time . | . . . Parts Recycled . | . . . Recycled Matter . | . . . Retrieved Matter . | . . . Retrieved Components . | . . . Parts Scanalyzed . | . . . Part Schematics Acquired . | . . . Parts Damaged . | . . . Bothacking | -11 -10 -10 ------------ Run | Yrd Mat Min Used RIF Installer . | . . . Robots Hacked . | . . . Non-combat . | . . . Combat . | . . . Robot Hacks Applied . | . . . Relay Couplers Released . | . . . Fabnet Peak Effective % . | . . . Robots Rewired . | . . . Allies Hacked . | . . . Hacks Repelled . | . . . Allies | -11 -10 -10 -------- Run | Yrd Mat Min Total Allies . | . . . Largest Group . | . . . Highest-Rated Group . | . . . Highest-Rated Ally . | . . . Total Orders . | . . . Ally Attacks . | . . . Total Damage . | . . . Kills . | . . . Allies Corrupted . | . . . Allies Melted . | . . . Intel | -11 -10 -10 ------- Run | Yrd Mat Min Robot Analysis Total . | . . . Derelict Logs Recovered 2 | . . 2 Drone Launches . | . . . Drone Recoveries . | . . . Exploration | -11 -10 -10 ------------- Run | Yrd Mat Min Turns Passed 1903 | 244 1175 484 Spaces Moved 1193 | 119 630 444 Core 162 | 2 . 160 Treads 455 | . 451 4 Legs 277 | 117 160 . Wheels 299 | . 19 280 Hover . | . . . Flight . | . . . Fastest Speed 50 | 50 120 50 Average Speed 127 | 118 148 98 Slowest Speed 240 | 120 160 240 Overloaded Moves . | . . . Propulsion Burnouts . | . . . Robots Hopped . | . . . Cave-ins Triggered . | . . . Exploration Rate (%) 54 | 6 96 61 Regions Visited 2 Branch Regions 1 Pre-discovered Areas 4 | . 2 2 Known Exits Taken 1 | . 1 . Unknown Exits Taken 1 | 1 . . Scrap Searched . | . . . Spaces Dug 3 | . 3 . Terrain Destroyed 58 | . 47 11 Melee . | . . . Projectile 1 | . . 1 AOE 57 | . 47 10 Terrain Rammed . | . . . Walls Destroyed . | . . . Machines Disabled . | . . . Actions | -11 -10 -10 --------- Run | Yrd Mat Min Total 1421 | 166 780 475 Wait 58 | 5 46 7 Move 1191 | 118 629 444 Hop . | . . . Pick Up 23 | 5 15 3 Fast Attach 16 | 8 7 1 Attach 4 | . . 4 Detach 1 | 1 . . Swap 20 | . 15 5 Drop 18 | . 15 3 Fire 86 | 29 49 8 Melee . | . . . Ram . | . . . Kick 1 | . 1 . Crush 3 | . 3 . Escape Stasis . | . . . Rewire . | . . . Trap . | . . . Miscellaneous . | . . . Route ------- -11/Scrapyard -10/Materials (discovered 6 exits: [*Mat x3] / *Min x2 / Sub) -10/Mines (discovered 1 exit: [*Mat]) History --------- Turn | Location | Event 5 | -11/Scrapyard | Discovered new exit (range 15) 245 | -11/Scrapyard | Entered Materials 308 | -10/Materials | Build established: Mutant 648 | -10/Materials | Discovered new exit (range 6) 769 | -10/Materials | Discovered new exit (range 4) 854 | -10/Materials | Discovered new exit (range 13) 878 | -10/Materials | Discovered new exit (range 15) 951 | -10/Materials | Identified exit to Mines 983 | -10/Materials | Learned Storage stockpile data 1004 | -10/Materials | Identified exit to Subcaves 1018 | -10/Materials | Learned 4 Subcaves zone layouts 1019 | -10/Materials | Learned location of Mines (-9) 1021 | -10/Materials | Learned 4 Subcaves zone layouts 1420 | -10/Materials | Entered Mines 1421 | -10/Mines | Learned location of Storage (-9) 1483 | -10/Mines | Met a Derelict shopkeep closing up shop 1486 | -10/Mines | Met a Derelict bent on vengeance 1563 | -10/Mines | A weapon hastily lodged in a ceiling crevice suddenly fell to the ground 1731 | -10/Mines | Discovered new exit (range 9) 1789 | -10/Mines | Assembled infested the area 1815 | -10/Mines | Core integrity fell below 50% 1823 | -10/Mines | Core integrity fell below 20% 1824 | -10/Mines | Released all parts (4) 1839 | -10/Mines | Learned location of 1 exit from Materials 1852 | -10/Mines | Lost 6 parts (1p2n2u1w) 1904 | -10/Mines | Destroyed by as-14442 with Assembled Rifle Last Messages --------------- 01815_ as-58703 destroyed. 01816_ Acquired 55 matter. 01817_ as-24696 destroyed. 01817_ Autogun destroyed. 01817_ D-53 Grenadier destroyed. 01819_ Acquired 10 matter. 01820_ Acquired 7 matter. 01820_ Imp. Ion Engine destroyed. 01821_ Hrd. Light Armor Plating destroyed. 01821_ Lgt. Treads destroyed. 01822_ The unstable cave ceiling collapses. 01824_ Released Autogun. 01824_ Released Lrg. Storage Unit. 01824_ Released Lgt. Treads. 01824_ Released Hvy. Battle Rifle. 01826_ The unstable cave ceiling collapses. 01832_ K-01 Serf collects debris. 01839_ Acquired derelict log, extracted data. Data stored: Materials exits (x1). 01860_ K-01 Serf collects debris. Map ----- +----------------------------------------------------+ | | | | | | | | | | | | | ?????????????????????????????????????????????????? | | ?????????????????????????????????????????????????? | | ?????????????????????????????????????????###?????? | | ??????????????????????????????????????### ##????? | | ??????????##????####################### #????? | | ????????## ##???# #????? | | ????????# #???# #?????? | | ???????## #???#! ################### #??###? | | ???##### #????#a #?????????????????## #?? ## | | ??## #????# ##????????????????## #??# # | | ??# ##?### ##??????????????## ##??# # | | ??# ### #??????????##### ##??## # | | ??# ############ ##??## # | | ??## ## ##??## # | | ???## ### a ##?### # | | ????# #?## ######### ####?## ## | | ????# #??## ####????####????# ###? | | ##### #??## #???########## ##??? | | #??# ## #???# ## ##???? | | = * #??# ### #@ #???# ##???? | | ######??### #?## # #???# ### #???? | | *##?######## #??## # #???###?## #???? | | #?# #???## ## #????????## ##???? | | #?# #????##### #?????????#### ###???## | | #?# ########????????# #??????????### #????## | | #?# #???????????????# #???????#### #????# | | ##?# #???????????????# ######### #???## | | ##### #???????????????# #??## | | ## #???????????????# ##?## | | ## ## #???????????????############### #??# | | ## ## #?????????????????????????????# #??# | | ## #?????????????????????????????# #??# | | #?????????????????????????????# #### | | #####?????????????????????????????# % | | ##?????????????????????????????????# ### | | #??????????????????????????????????#% #?## ### | | ##??????????????????????????????????# #??####?? | | ###???????????????????????????????????# #######?? | | #?????????????????????????????????????# |! #?? | | #?????????????????????????????????????# =%* #?? | | ##########????????????????????????????#######! #?? | | #??????????????????????????????????# #?? | | #??????????????????????????????????# #?? | | ####### #??????????????????????????????????# #?? | +----------------------------------------------------+ Best States ------------- Heat Dissipation 25 Energy Generation 12 Energy Capacity 265 Matter Stores 300 Matter Capacity 300 Sight Range 16 Terrain Scan Density 10 Armor Coverage 150 Evasion (%) 55 Recoil Reduction 2 Item Schematics ----------------- None Robot Schematics ------------------ None Fabricated ------------ Nothing Alien Tech Used ----------------- None Achievements -------------- None Challenges ------------ None Game ------ Seed ImpulseStasisSpoofer Manual? 0 Play Time 00:16:39 Cumulative 173.8 hours Start 2024.08.14 @ 18:02:42 End 2024.08.14 @ 18:18:58 Sessions 1 Manual Loads 0 Difficulty Rogue Special Mode None Game No. 91 Rogue 91 Adventurer 0 Explorer 0 Win Type - Total 5 Types 4/0/1/0/0/0/0/0/0 Lore% 68 Gallery% 66 Achievement% 59 Wizard Run 0 Options --------- Layout 0 ASCII 0 Keyboard 0 Movement Numpad Keybinds 0 Fullscreen 2 Font 18/SmallcapsGlow Map View 76x50 Zoom Use 0% Tactical HUD 1 Map Filters NONE Filters NONE Steam 1 RUN: b38c27d6-0ce8-4948-97ce-78120681ec65